[Event "*** Titled Tuesday Blitz"]
[Site "Chess.com"]
[Date "2020.12.29"]
[Round "9"]
[White "Neftegor"]
[Black "Logman74"]
[Result "0-1"]
[WhiteElo "2545"]
[BlackElo "2394"]
[TimeControl "180+1"]
[EndTime "11:45:16 PST"]
[Termination "Logman74 won by checkmate"]

1. d4 d5 2. c4 e6 3. Nc3 Nf6 4. Nf3 Be7 5. Bg5 O-O 6. e3 h6 7.
Bxf6 Bxf6 8. Qd2 b6 9. cxd5 exd5 10. Be2 Be6 11. b4 c6 12. O-O a5 13. a3 Nd7 14.
Rab1 axb4 15. axb4 Ra3 16. Rfd1 b5 17. e4 dxe4 18.
Nxe4 Bd5 19. Bd3 Nb6 20. Qf4 Be7 21. Ne5 Nc4 22. Bxc4 bxc4 23. Nc5 c3 24. Qc1 Qa8 25. Rd3 Bxc5 26. bxc5 Be4 27. Rg3 Bxb1 28. h4 Bg6 29.
Qf4 Ra1+ 30. Kh2 c2 31. Rc3 c1=Q 32. Rxc1 Rxc1 33. Qxc1 Qd8 34. Qf4 Qf6 35. Qg3 Rd8 36.
Ng4 Qxd4 37. h5 Bxh5 38. Nxh6+ Kf8 39. Nf5 Qf6 40. Qc7 g6 41. Nd6 Kg7 42. f3 Rh8 43. Kg3 Ra8 44. Qxc6 Qg5+ 45. Kh3 Bg4+ 46. fxg4 Rh8+ 47.
Kg3 Qe5+ 48. Kf3 Qc3+ 49. Kf2 Qd2+ 50. Kf3 Qd3+ 51. Kf2 Rh1 52. Ne8+ Kf8 53. Nd6 Rf1# 0-1

[Event "*** Titled Tuesday Blitz"]
[Site "Chess.com"]
[Date "2020.12.29"]
[Round "9"]
[White "HanSchut"]
[Black "dopolian"]
[Result "0-1"]
[WhiteElo "2258"]
[BlackElo "2466"]
[TimeControl "180+1"]
[EndTime "11:45:20 PST"]
[Termination "dopolian won on time"]

1. e4 e5 2. Nf3 Nc6 3. Bc4 Bc5 4. b4 Bxb4 5. c3 Ba5 6. d4 d6 7. Qb3 Qe7 8. d5 Nd4 9. Nxd4 exd4 10. O-O Bxc3 11.
Nxc3 dxc3 12. e5 dxe5 13. Ba3 Qf6 14. f4 e4 15. f5 Ne7 16. Rae1 O-O 17. Rxe4 Nxf5 18.
Bxf8 Kxf8 19. Qa3+ Qd6 20. Qxc3 Qc5+ 21. Kh1 Nd6 22. Ref4 Kg8 23. Qe1 Bf5 24. Bb3 Bg6 25. Qe2 Re8 26. Qf2 Qxf2 27. R4xf2 Re7 28. h3 Bd3 29. Rc1 Kf8 30. Rf3 Be4 31. Rfc3 Nb5 32. Rc5 a6 33. a4 b6 34. axb5 bxc5 35. bxa6 Re8 36. Bc4 Ra8 37. Kg1 Ke7 38. Kf2 Kd6 39. Ke3 Bxd5 40. Rd1 c6 41. Bd3 Ra7 42. g4 Kc7 43.
Rf1 c4 44. Be4 Rxa6 45. Bxd5 cxd5 46. Rxf7+ Kd6 47. Rxg7 Ra3+ 48. Ke2 Rxh3 49. Ra7 Ke5 50.
Ra5 Ke4 51. g5 Rh2+ 52. Kf1 c3 53. Rc5 c2 54. Kg1 Rd2 0-1

[Event "*** Titled Tuesday Blitz"]
[Site "Chess.com"]
[Date "2020.12.29"]
[Round "9"]
[White "PawnEatingZombie"]
[Black "atalz0"]
[Result "0-1"]
[WhiteElo "2245"]
[BlackElo "2374"]
[TimeControl "180+1"]
[EndTime "11:45:20 PST"]
[Termination "atalz0 won on time"]

1. d4 Nf6 2. c4 e6 3. Nc3 Bb4 4. Qc2 O-O 5. e4 d5 6. e5 Ne4 7. Bd3 c5 8. Nf3 cxd4 9. Nxd4 Nd7 10. Bf4 Ndc5 11. O-O Bxc3 12. bxc3 Bd7 13. Be2 Ba4 14. Qb2 Qa5 15. Rac1 Bc6 16. f3 Na4 17. Qb4 Qxb4 18.
cxb4 Nec3 19. Bd3 Nxa2 20. Rb1 N2c3 21. Ra1 dxc4 22. Bxc4 Nb6 23. Nxc6 Nxc4 24. Ne7+ Kh8 25. Kf2 Rfe8 26. Rfc1 Rxe7 27. Rxc3 b5 28. Rd3 h6 29. Be3 Nxe5 30. Rd6 Nc4 31. Rda6 Nxe3 32. Kxe3 Rc7 33. R1a5 Rb7 34. h4 Kg8 35. g4 Kf8 36. h5 Ke7 37. Ke4 f6 38. f4 Kd7 39. Kd4 Rc8 40. Rxa7 Rc4+ 41. Ke3 Rxa7 42. Rxa7+ Kd6 43. Rxg7 Rxb4 44. Rg6 Rb3+ 45. Ke4 Rg3 46. Rxh6 Rxg4 47. Rxf6 Rh4 48. h6 b4 49. Rf8 Rxh6 50. Rb8 Kc5 51. Ke5 Kc4 0-1

[Event "*** Titled Tuesday Blitz"]
[Site "Chess.com"]
[Date "2020.12.29"]
[Round "9"]
[White "Ariadna_Atreides"]
[Black "CraiggoryC"]
[Result "1/2-1/2"]
[WhiteElo "2078"]
[BlackElo "2186"]
[TimeControl "180+1"]
[EndTime "11:45:21 PST"]
[Termination "Game drawn by repetition"]

1. d4 Nf6 2. Nf3 g6 3. c3 Bg7 4. Bf4 b6 5. Nbd2 Bb7 6. Qc2 c5 7. e3 Nc6 8. Be2 O-O 9. O-O d6 10.
h3 Rc8 11. Qd1 cxd4 12. exd4 e5 13. dxe5 Nd5 14. Bg5 Qd7 15. Nc4 dxe5 16. Qd2 f6 17.
Bh6 Bxh6 18. Qxh6 Nf4 19. Bd1 Ne7 20. Bb3 Bd5 21. Ne3 Bxb3 22. axb3 Nf5 23. Nxf5 Qxf5 24.
Rxa7 g5 25. g4 Ne2+ 26. Kg2 Nf4+ 27. Kh2 Qg6 28. Qxg6+ hxg6 29. Rd1 Rfd8 30. Rdd7 Rxd7 31. Rxd7 b5 32. Nd2 Rc5 33. Ne4 Rc6 34. Rb7 Nd3 35.
Rb8+ Kf7 36. Rb7+ Ke6 37. Rxb5 Nxb2 38. b4 Nd3 39. Nc5+ Nxc5 40. bxc5 Kd5 41. Kg3 Rxc5 42. Rb6 Rxc3+ 43. f3 e4 44. Rxf6 Rxf3+ 45. Rxf3 exf3 46. Kxf3 Kd4 47. Kg3 Ke3 48. h4 gxh4+ 49. Kxh4 Kf4 50. Kh3 g5 51. Kh2 Kxg4 52. Kg2 Kf4 53. Kf2 g4 54. Kg2 g3 55. Kg1 Kg4 56. Kg2 Kf4 57. Kg1 Kf3 58. Kf1 Ke3 59. Kg2 Kf4 1/2-1/2

[Event "*** Titled Tuesday Blitz"]
[Site "Chess.com"]
[Date "2020.12.29"]
[Round "9"]
[White "Legendinunknown"]
[Black "gmcorrales"]
[Result "1-0"]
[WhiteElo "2575"]
[BlackElo "2753"]
[TimeControl "180+1"]
[EndTime "11:45:23 PST"]
[Termination "Legendinunknown won by checkmate"]

1. d4 Nf6 2. c4 g6 3. Nc3 d5 4. Nf3 Bg7 5. cxd5 Nxd5 6. Bd2 O-O 7. e4 Nb6 8. Be3 Bg4 9. Be2 Nc6 10. d5 Bxf3 11.
Bxf3 Ne5 12. Bd4 c6 13. Bxe5 Bxe5 14. O-O Bxc3 15. bxc3 cxd5 16. exd5 Rc8 17. Qd3 Qd6 18. a4 Nc4 19. h4 Rc5 20. Rfe1 Rfc8 21. Qd4 Ne5 22.
Qxe5 Qxe5 23. Rxe5 Kf8 24. Rae1 R8c7 25. d6 Rxe5 26.
dxc7 Rc5 27. Bxb7 Rxc7 28. Rb1 Rxc3 29. Bf3 Ra3 30. Rb8+ Kg7 31. Bc6 Rc3 32. Bb5 Rc7 33. a5 Kf6 34. a6 Ke5 35. Rb7 Rc5 36. Be8 Kd6 37. Rxa7 f5 38. Bf7 Ra5 39. Ra8 Ke5 40.
a7 Kf4 41. g3+ Kf3 42. Bd5+ Ke2 43. Bc6 h6 44. Kg2 g5 45. hxg5 hxg5 46. Bf3+ Ke1 47.
g4 fxg4 48. Bxg4 Ra4 49. Bf3 g4 50. Bd5 Ra3 51. Be6 Ra4 52. Bd7 Ra2 53. Bxg4 Rxf2+ 54. Kg3 Ra2 55. Rd8 Ra3+ 56. Bf3 Rxa7 57. Rd1# 1-0

[Event "*** Titled Tuesday Blitz"]
[Site "Chess.com"]
[Date "2020.12.29"]
[Round "9"]
[White "Frolyanov_D"]
[Black "Titus369"]
[Result "1/2-1/2"]
[WhiteElo "2658"]
[BlackElo "2546"]
[TimeControl "180+1"]
[EndTime "11:45:24 PST"]
[Termination "Game drawn by repetition"]

1. d4 d5 2. c4 e6 3. Nf3 Nf6 4. Nc3 Be7 5. Bf4 O-O 6. e3 Nbd7 7. cxd5 Nxd5 8. Nxd5 exd5 9. Bd3 c5 10. O-O cxd4 11. Nxd4 Nc5 12. Rc1 a6 13. Bb1 Ne6 14. Qd3 g6 15. Bh6 Re8 16. Rfd1 Bf6 17. Nxe6 Bxe6 18.
Qd2 Qb6 19. b3 Rac8 20. h3 Red8 21. Bf4 d4 22. e4 Qb5 23. Bd3 Qd7 24. Rxc8 Rxc8 25.
Rc1 Rc3 26. e5 Rxc1+ 27. Qxc1 Bg7 28. Qc2 Bd5 29. Qe2 Bc6 30. Bc4 Bd5 31. Bd3 Bc6 32. Qg4 Qxg4 33. hxg4 Kf8 34. f3 Ke7 35. Bg3 Ke6 36.
f4 b5 37. g5 Bf8 38. Bf2 Bc5 39. g3 a5 40. Kf1 a4 41. Ke2 axb3 42. axb3 Bd5 43.
Bc2 Bg2 44. Be1 Kd5 45. b4 Bb6 46. Bb3+ Ke4 47. Bxf7 d3+ 48. Kd1 Bf3+ 49. Kc1 Ke3 50. Bd2+ Ke2 51. e6 Be3 52. Bxe3 Kxe3 53. e7 d2+ 54.
Kb2 d1=Q 55. e8=Q+ Kf2 56. Qe5 Qd2+ 57. Ka3 Qc1+ 58.
Ka2 Qd2+ 59. Ka3 Qc1+ 60. Ka2 Qd2+ 61. Ka3 1/2-1/2

[Event "*** Titled Tuesday Blitz"]
[Site "Chess.com"]
[Date "2020.12.29"]
[Round "9"]
[White "SaraciNderim"]
[Black "FlySooHigh"]
[Result "1-0"]
[WhiteElo "2835"]
[BlackElo "2658"]
[TimeControl "180+1"]
[EndTime "11:45:26 PST"]
[Termination "SaraciNderim won by resignation"]

1. Nf3 Nf6 2. g3 b6 3. Bg2 Bb7 4. O-O c5 5. c4 e6 6. d4 cxd4 7.
Qxd4 Be7 8. Nc3 d6 9. b3 Nbd7 10.
Rd1 a6 11. Ba3 Nc5 12. Rac1 Qc7 13. Bb2 O-O 14. h3 Rac8 15. Qe3 Rfe8 16. Nb1 Qb8 17. Nbd2 Qa8 18. Ne1 Bxg2 19. Nxg2 b5 20. Bd4 Ncd7 21. Bb2 bxc4 22. Nxc4 d5 23. Ne5 Nxe5 24. Qxe5 Rxc1 25. Rxc1 Rc8 26. Nf4 Rxc1+ 27. Bxc1 Qc8 28. Bb2 Ne8 29. Qc3 Qxc3 30. Bxc3 Nc7 31. Nd3 f6 32.
a4 Kf7 33. Ba5 Bd6 34. Kf1 Ke7 35. Ke1 Kd7 36. Kd2 Kc6 37. Nb4+ Kb7 38. Nc2 g6 39. g4 Bc5 40. e3 Ne8 41. Nd4 Bxd4 42. exd4 Kc6 43. f3 g5 44. Kc3 Nd6 45. Bd8 Ne8 46. Be7 Kd7 47. Bf8 Kc6 48. Kb4 Kb6 49. Be7 Kc6 50.
Ka5 Kb7 51. b4 h6 52. b5 axb5 53. Kxb5 e5 54. dxe5 fxe5 55. Kc5 e4 56. fxe4 dxe4 57. Kd4 Ka6 58. Kxe4 Ka5 59. Kf5 Kxa4 60. Kg6 Kb5 61. Kxh6 Kc6 62. Bxg5 Kd7 63. Kg6 Ke6 64. h4 Nd6 65. h5 Nc4 66. Bf6 1-0

[Event "*** Titled Tuesday Blitz"]
[Site "Chess.com"]
[Date "2020.12.29"]
[Round "9"]
[White "BeanScreen"]
[Black "northridgehawk"]
[Result "1/2-1/2"]
[WhiteElo "2614"]
[BlackElo "2327"]
[TimeControl "180+1"]
[EndTime "11:45:27 PST"]
[Termination "Game drawn - insufficient material"]

1. e4 c5 2. Nf3 d6 3. d4 cxd4 4. Nxd4 Nf6 5. Nc3 a5 6. Be3 e5 7.
Ndb5 Be6 8. Nd5 Na6 9. Bb6 Qd7 10. Nbc7+ Nxc7 11. Nxc7+ Ke7 12. Bb5 Qc8 13. Nxa8 Qxa8 14. Bc7 Nxe4 15. Qd3 Qc8 16. Bxa5 Nxf2 17. Kxf2 Qc5+ 18.
Kg3 e4 19. Qe2 h5 20. h4 Qe5+ 21. Kf2 Bg4 22. Qe3 Qxb5 23. Qg5+ Qxg5 24. hxg5 g6 25. Bc3 Rg8 26. Bf6+ Ke6 27. Rhe1 d5 28. c4 Bc5+ 29. Kf1 e3 30. cxd5+ Kxd5 31. Rad1+ Bxd1 32. Rxd1+ Ke4 33. Ke2 Rc8 34. Rc1 Rc6 35. Rc3 Bb4 36. Rxc6 bxc6 37. a4 Bc5 38. a5 Ba7 39. Bd8 Kd5 40. Bc7 c5 41. Kxe3 Kc6 42. Bd8 Bb8 43. Ke4 Bg3 44.
Kd3 Bf2 45. Kc4 Be3 46. a6 Bf2 47. a7 Kb7 48. Bb6 Be3 49. Bxc5 Bxg5 50. b4 Bf4 51. b5 g5 52. b6 h4 53. Kd5 f5 54. Ke6 g4 55. Kxf5 h3 56. gxh3 gxh3 57. Bg1 h2 58. Bxh2 Bxh2 59. Ke6 Bg1 60. Kd7 Bxb6 61. a8=Q+ Kxa8 1/2-1/2

[Event "*** Titled Tuesday Blitz"]
[Site "Chess.com"]
[Date "2020.12.29"]
[Round "9"]
[White "catzapto"]
[Black "KubaGepard"]
[Result "0-1"]
[WhiteElo "2120"]
[BlackElo "2290"]
[TimeControl "180+1"]
[EndTime "11:45:27 PST"]
[Termination "KubaGepard won by checkmate"]

1. e4 e5 2. Nf3 Nc6 3. d4 exd4 4.
Bc4 Bc5 5. c3 Nf6 6. cxd4 Bb4+ 7.
Nc3 Nxe4 8. O-O Bxc3 9. d5 Bf6 10. Re1 Ne7 11. Rxe4 d6 12. Bg5 Bxg5 13. Nxg5 h6 14.
Qe2 hxg5 15. Re1 Be6 16. dxe6 f6 17. Bd3 c6 18. h3 Qa5 19. a4 d5 20. b4 Qc7 21. Rg4 O-O-O 22. b5 c5 23. Bc2 d4 24. Qd2 Nd5 25. a5 Nc3 26. f4 gxf4 27. e7 Rde8 28. b6 axb6 29. axb6 Qd6 30. Bf5+ Kb8 31. Re6 Qd5 32.
Qxf4+ Ka8 33. Re1 Qa2 34. Qf1 Rxe7 35. Ra1 Re2 36. Rxa2+ Rxa2 37. Rf4 Re8 38. Rf2 Ra6 39.
Kh2 Rxb6 40. Bd7 Rd8 41. Bf5 Nd5 42. Ra2+ Kb8 43. Be4 Ne3 44. Qf4+ Rbd6 45. g4 c4 46. Rd2 c3 47. Rxd4 g5 48. Qg3 Nf1+ 49. Kg2 Nxg3 50. Rxd6 Rxd6 51. Bc2 Rd2+ 52. Kxg3 Rxc2 53. h4 f5 54. hxg5 fxg4 55. Kxg4 Rd2 56. Kf5 Rd8 57. g6 c2 58. Kf6 c1=Q 59. Kf7 Qf4+ 60. Kg7 Qf8+ 61. Kh7 Qh8# 0-1

[Event "*** Titled Tuesday Blitz"]
[Site "Chess.com"]
[Date "2020.12.29"]
[Round "9"]
[White "sopo-tereladze"]
[Black "Kolle05"]
[Result "0-1"]
[WhiteElo "2282"]
[BlackElo "2393"]
[TimeControl "180+1"]
[EndTime "11:45:28 PST"]
[Termination "Kolle05 won by resignation"]

1. d4 Nf6 2. Nf3 g6 3. Bg5 Bg7 4. Nc3 d5 5. Qd2 O-O 6. Bh6 c5 7. Bxg7 Kxg7 8. dxc5 Nc6 9. O-O-O e6 10. h4 h5 11. e4 dxe4 12. Qxd8 Rxd8 13. Rxd8 Nxd8 14. Ng5 Ng4 15. Ngxe4 f5 16. f3 Ne3 17. Ng5 e5 18. Bb5 Nxg2 19. Nd5 Nf7 20. Nc7 Rb8 21. Ne8+ Kf8 22.
Nxf7 Kxf7 23. Nd6+ Kf6 24. Rh2 Nf4 25. Ne8+ Ke7 26.
Rd2 Be6 27. Nc7 Rd8 28. Rxd8 Kxd8 29. Nxe6+ Nxe6 30. c6 b6 31. a4 Kc7 32. c3 Nd8 33. Kd2 Nxc6 34. Ke3 Kd6 35. Bc4 Nd8 36. b4 Ne6 37. Bd3 Nf4 38. Bf1 Nd5+ 39. Kd3 Nf4+ 40. Ke3 Kd5 41. c4+ Kd6 42. Kd2 a5 43. bxa5 bxa5 44.
Kc3 Kc5 45. Kb3 e4 46. fxe4 fxe4 47. Kc2 e3 48. Kd1 Kc6 49. Ke1 Kc5 50. Kd1 e2+ 51.
Bxe2 Nxe2 52. Kxe2 Kxc4 53. Ke3 Kb4 54. Kd3 Kxa4 55.
Kc4 Ka3 56. Kc3 a4 57. Kc2 Kb4 58. Kd3 Kb3 0-1

[Event "*** Titled Tuesday Blitz"]
[Site "Chess.com"]
[Date "2020.12.29"]
[Round "9"]
[White "Carnivoras"]
[Black "anpospan"]
[Result "0-1"]
[WhiteElo "2558"]
[BlackElo "2330"]
[TimeControl "180+1"]
[EndTime "11:45:28 PST"]
[Termination "anpospan won by resignation"]

1. d4 Nf6 2. c4 c5 3. d5 e6 4. Nc3 exd5 5. cxd5 d6 6. e4 g6 7. f4 Bg7 8. Bb5+ Nfd7 9. Nf3 O-O 10. O-O Re8 11. f5 Qa5 12. Bd3 c4 13. Bc2 b5 14.
Qe1 b4 15. Ne2 Nc5 16. Qh4 b3 17. f6 Bf8 18. Bh6 Qb6 19. Bxf8 Rxf8 20. Qh6 Nxe4+ 21.
Kh1 Nxf6 22. Ng5 Nbd7 23. axb3 cxb3 24. Bd3 Qe3 25. Ng3 Qxd3 26. Rf3 Qxd5 27. Raf1 Bb7 28. N3e4 Qxe4 29. Nxe4 Bxe4 30. Rxf6 Nxf6 31. Rxf6 Rac8 32.
Rf1 Rc2 33. Rg1 Rfc8 34. Qf4 d5 35. h4 Rxb2 36. h5 Rxg2 37. Rxg2 Rc2 38. h6 Bxg2+ 39.
Kg1 f5 40. Qb8+ Kf7 41. Qxa7+ Kf6 42. Qb6+ Kg5 43. Qxb3 Be4 44. Qe3+ Kf6 45. Qd4+ Kg5 46. Qg7 Kg4 47. Qxh7 f4 48. Qb7 Kg3 49. Qb3+ f3 50. Qb8+ Kg4 51. Qb6 f2+ 52. Qxf2 Rxf2 53. Kxf2 g5 0-1

[Event "*** Titled Tuesday Blitz"]
[Site "Chess.com"]
[Date "2020.12.29"]
[Round "9"]
[White "petrpalachev"]
[Black "ShimanovAlex"]
[Result "1/2-1/2"]
[WhiteElo "2747"]
[BlackElo "2840"]
[TimeControl "180+1"]
[EndTime "11:45:31 PST"]
[Termination "Game drawn by agreement"]

1. d4 e6 2. c4 d5 3. Nf3 Nd7 4. Nc3 Ngf6 5. Bf4 Bb4 6. cxd5 Nxd5 7. Bd2 N5f6 8. e3 b6 9. a3 Bxc3 10. Bxc3 Bb7 11. Be2 Ne4 12. Rc1 O-O 13. O-O c5 14. Be1 Rc8 15. dxc5 Ndxc5 16. Nd4 Qg5 17. f4 Qe7 18. Bf3 Rfd8 19. b4 Nd7 20. Rxc8 Rxc8 21. Qa4 a6 22. Bxe4 Bxe4 23. Bh4 Qd6 24. Qxa6 Ra8 25.
Qb5 Rxa3 26. Qc4 Rxe3 27. Qc8+ Nf8 28. Qd8 Qxd8 29. Bxd8 Nd7 30. Rd1 Bd5 31. Nf5 Rb3 32. Ne7+ Kf8 33. Nxd5 exd5 34. Rxd5 Ke8 35. Bc7 Rxb4 36.
h3 Rc4 37. Bd6 f6 38. f5 Rc1+ 39. Kf2 Rc2+ 40. Kf3 Rb2 41. g4 Rb3+ 42. Kg2 b5 43.
Rd2 Nb6 44. Ra2 Kd7 45. Bf8 g6 46. Ra7+ Kc6 47. Rxh7 gxf5 48. gxf5 Nd5 49. Rf7 b4 50. Bg7 Rb2+ 51. Kg3 b3 52. Bxf6 Rd2 53. Be5 b2 54. Bxb2 Rxb2 55. h4 Kd6 56. h5 Ke5 57. h6 Rb6 58. h7 Rh6 59. Kg4 Nf6+ 60. Kg5 Rxh7 61. Rxf6 Rh5+ 62. Kxh5 Kxf6 63. Kg4 Kf7 64. Kg5 1/2-1/2

[Event "*** Titled Tuesday Blitz"]
[Site "Chess.com"]
[Date "2020.12.29"]
[Round "9"]
[White "tigra"]
[Black "platy3"]
[Result "1/2-1/2"]
[WhiteElo "2865"]
[BlackElo "2866"]
[TimeControl "180+1"]
[EndTime "11:45:33 PST"]
[Termination "Game drawn by stalemate"]

1. e4 c5 2. Nf3 e6 3. d4 cxd4 4. Nxd4 Nc6 5. Nc3 Qc7 6. Be3 a6 7. f4 Bb4 8. Ne2 Nf6 9. a3 Ba5 10. b4 Bb6 11. Bxb6 Qxb6 12. e5 Ng4 13. Ne4 f6 14. h3 Ne3 15. Qd3 fxe5 16. Nd6+ Ke7 17. c4 Nd4 18. c5 Qc6 19. fxe5 Ndc2+ 20. Kd2 b6 21. Nd4 Nxd4 22. Qxd4 Nf5 23. Nxf5+ exf5 24. cxb6 Bb7 25. Rc1 Qd5 26. Qxd5 Bxd5 27. a4 a5 28. Rc5 Ke6 29. bxa5 d6 30. exd6 Kxd6 31. Rb5 Rhb8 32.
Be2 Bxg2 33. Rg1 Bc6 34. Rxf5 Bd7 35. Rfg5 g6 36. Rd1 Bf5 37. Kc3+ Kc5 38. Bg4 h6 39. Rxf5+ gxf5 40. Bf3 Rxa5 41. b7 Rxa4 42. Rd5+ Kb6 43.
Rxf5 Ra3+ 44. Kd4 Ra4+ 45. Ke5 Ra5+ 46. Kf4 Rxf5+ 47. Kxf5 Rf8+ 48. Kg4 h5+ 49. Kg3 Ka7 50. h4 Rxf3+ 51. Kxf3 Kxb7 52. Kf4 Kc8 53. Kg5 Kd8 54.
Kxh5 Ke8 55. Kh6 Kf8 56. Kh7 Kf7 57. h5 Kf8 58. h6 Kf7 59. Kh8 Kf8 60. h7 Kf7 1/2-1/2

[Event "*** Titled Tuesday Blitz"]
[Site "Chess.com"]
[Date "2020.12.29"]
[Round "9"]
[White "sotochess"]
[Black "andrewtnb"]
[Result "1-0"]
[WhiteElo "2523"]
[BlackElo "2366"]
[TimeControl "180+1"]
[EndTime "11:45:33 PST"]
[Termination "sotochess won on time"]

1. e4 c6 2. d4 d5 3. f3 Qb6 4. Nc3 g6 5. exd5 Bg7 6. Nge2 Nf6 7. Nf4 O-O 8. Bc4 Rd8 9. Bb3 cxd5 10. Nfe2 Nc6 11. O-O h5 12. Kh1 Bf5 13. Bf4 Rd7 14. Na4 Qd8 15. Nc5 b6 16. Nxd7 Qxd7 17. c3 Na5 18.
Qd2 Nc4 19. Bxc4 dxc4 20. Be5 Kh7 21. Rfe1 Bh6 22. Bf4 Bg7 23. Ng3 Be6 24. Be5 Bh6 25. Bf4 Bg7 26. Ne4 Kg8 27. Ng5 Bf5 28. Be5 Bh6 29. Bf4 Nd5 30. g3 Nxf4 31. gxf4 f6 32. Ne4 Qc7 33. Qe2 Bxf4 34. b3 Rc8 35. b4 Kg7 36. a4 g5 37. a5 Qc6 38. axb6 axb6 39. Qg2 g4 40. fxg4 hxg4 41. Ng3 Qxg2+ 42. Kxg2 Bd3 43.
Rxe7+ Kg6 44. Raa7 Bh6 45. Re6 Bf4 46. Rb7 Ra8 47. Rbxb6 Ra2+ 48. Kg1 Ra1+ 49. Kf2 Ra2+ 50. Ne2 Bg5 51. d5 Rd2 52. Rbd6 Bh4+ 53. Ke3 Bf5 54.
Nf4+ Kg5 55. Nh3+ gxh3 56. Kxd2 Bxe6 57. dxe6 Kg6 58. Rd7 f5 59. Ke2 1-0

[Event "*** Titled Tuesday Blitz"]
[Site "Chess.com"]
[Date "2020.12.29"]
[Round "9"]
[White "mshuaau0"]
[Black "Tekushka"]
[Result "1-0"]
[WhiteElo "2236"]
[BlackElo "2390"]
[TimeControl "180+1"]
[EndTime "11:45:33 PST"]
[Termination "mshuaau0 won by resignation"]

1. e4 e6 2. d4 d5 3. exd5 exd5 4. Bd3 c5 5. dxc5 Bxc5 6. Nf3 Nf6 7. Qe2+ Be6 8. Ng5 Qe7 9. O-O O-O 10. Re1 Nc6 11. Nxe6 fxe6 12. Qxe6+ Qxe6 13. Rxe6 Ng4 14. Be3 Nxe3 15. fxe3 Kf7 16. Bf5 Nd4 17. exd4 Bxd4+ 18. Kh1 Bxb2 19. Nc3 Bxa1 20. Nxd5 Rad8 21. c4 Rfe8 22. Rxe8 Rxe8 23. g4 g6 24. Bd3 Bd4 25. Kg2 Re1 26.
Kf3 Ra1 27. Ke4 Bc5 28. Nc3 Re1+ 29. Kd5 Rd1 30. Nxd1 b6 31. Ke4 Kf6 32. Ne3 Kg5 33. h3 Kh4 34. Bf1 Kg3 35. Nd5 g5 36. Kf5 h6 37. Kg6 Kf2 38. Bd3 Kg2 39. Bf5 Kxh3 40. Kxh6 Kh4 41. Kg6 Bd4 42. Nf6 Be5 43. Ne4 Bf4 44.
a4 a5 45. Be6 Be3 46. Bf5 Bf4 47. Kf7 Be3 48. Ke6 Kh3 49. Kd5 Kg2 50. Kc6 Kf3 51.
Nd6 Ke2 52. Nc8 Kd2 53. Nxb6 Kc3 54. Kb5 Kb3 55. c5 1-0

[Event "*** Titled Tuesday Blitz"]
[Site "Chess.com"]
[Date "2020.12.29"]
[Round "9"]
[White "TigrVShlyape"]
[Black "jefferyx"]
[Result "0-1"]
[WhiteElo "2863"]
[BlackElo "2938"]
[TimeControl "180+1"]
[EndTime "11:45:35 PST"]
[Termination "jefferyx won on time"]

1. e4 c5 2. Nc3 d6 3. Bc4 e6 4. d3 Nf6 5. a3 a6 6. Ba2 b5 7.
Nf3 Bb7 8. O-O Nbd7 9. Ne2 Be7 10. Ng3 O-O 11. Re1 Re8 12. h3 Bf8 13. Bf4 Rc8 14. Qd2 Qb6 15. Rad1 g6 16. c3 Bg7 17. d4 cxd4 18.
cxd4 a5 19. Bb1 e5 20. Be3 Qd8 21. d5 Nc5 22. b4 axb4 23. axb4 Na4 24. Bd3 Qd7 25. Bh6 Rc3 26. Bxg7 Kxg7 27. Qg5 Ng8 28. Nh5+ Kh8 29. Nf6 Nxf6 30. Qxf6+ Kg8 31. Ng5 Ba6 32. Be2 Qe7 33. Qxe7 Rxe7 34. Rb1 Rec7 35. Nf3 Kg7 36. h4 f5 37. Ng5 Kf6 38. Ne6 Rc8 39. f3 Rc2 40.
Bd1 Rd2 41. Bb3 Rc3 42. Bxa4 bxa4 43. b5 Bc8 44. Rec1 Rb3 45. Ra1 Bxe6 46. dxe6 Rbb2 47.
Rxa4 Rxg2+ 48. Kh1 Rh2+ 49. Kg1 Rxh4 50. Ra6 Kxe6 51.
Rd1 fxe4 52. Raxd6+ Kf5 53. fxe4+ Rxe4 54. Rf1+ Kg5 55.
Rf2 Rg4+ 56. Kf1 Rxb5 57. Rf7 Rb1+ 58. Ke2 h5 59. Re6 Rb5 60. Rg7 Kf5 61. Ree7 Ke4 0-1

[Event "*** Titled Tuesday Blitz"]
[Site "Chess.com"]
[Date "2020.12.29"]
[Round "9"]
[White "Vamostodorecto"]
[Black "Pelopidass"]
[Result "0-1"]
[WhiteElo "2437"]
[BlackElo "2563"]
[TimeControl "180+1"]
[EndTime "11:45:35 PST"]
[Termination "Pelopidass won on time"]

1. d4 Nf6 2. c4 e6 3. Nc3 Bb4 4. e3 c5 5. Nf3 Nc6 6. Bd2 d6 7. Bd3 O-O 8. O-O b6 9. a3 Bxc3 10. Bxc3 Bb7 11. b4 cxd4 12. exd4 Rc8 13. Re1 Ne7 14.
Rc1 Ng6 15. b5 Rc7 16. Bb4 Re8 17. a4 Nf4 18. Bf1 Rd7 19. Qd2 Nh3+ 20. Kh1 Qa8 21.
Ng5 Nxg5 22. Qxg5 h6 23. Qd2 e5 24. d5 a5 25. Ba3 Qd8 26. f3 Rc7 27. Qf2 Rce7 28. Rc2 Qc7 29. Bb2 Nd7 30. Bc1 Nc5 31. Ra2 Bc8 32. Be3 Bf5 33. g4 Bh7 34. Bxc5 dxc5 35. Rd2 Qd6 36. Qe3 f5 37. gxf5 Bxf5 38. Bd3 Bxd3 39. Rxd3 Rf8 40. Qe4 Rf4 41. Qe2 Rxc4 42.
Ra3 Qxd5 43. Rd1 Rd4 44. Rg1 Rd2 45. Qf1 Qd4 46. Qh3 e4 47. Qc8+ Qd8 48. Qf5 exf3 49. Rxf3 Qd5 50. Qg4 Qg5 51. Qc8+ Kh7 52. Rxg5 hxg5 53.
Qf5+ g6 54. Rh3+ Kg7 55. Qxg5 Re1+ 56. Qg1 Rxg1+ 0-1

[Event "*** Titled Tuesday Blitz"]
[Site "Chess.com"]
[Date "2020.12.29"]
[Round "9"]
[White "elamier"]
[Black "KyronGriffith"]
[Result "1-0"]
[WhiteElo "2442"]
[BlackElo "2533"]
[TimeControl "180+1"]
[EndTime "11:45:35 PST"]
[Termination "elamier won by resignation"]

1. d4 Nf6 2. Bg5 c5 3. dxc5 Qa5+ 4. Qd2 Qxc5 5. Nc3 d6 6. e4 Nc6 7. Bxf6 gxf6 8. Nd5 Kd8 9. Nf3 a5 10. c3 a4 11. Be2 h5 12. O-O h4 13. Kh1 h3 14.
g3 Bh6 15. Qd3 Be6 16. b4 Qa7 17. b5 Ne5 18. Nxe5 fxe5 19. b6 Qa5 20. Nc7 Rc8 21. Rab1 Bd7 22. Rfd1 Bc6 23. Bg4 Rxc7 24. bxc7+ Kxc7 25. Bxh3 Bf8 26. Bg2 e6 27. Kg1 Be7 28. Rb2 a3 29.
Rb4 Ra8 30. Rdb1 Qc5 31. Rc4 Qa5 32. Qf3 Rf8 33. Bf1 f5 34. Qe3 f4 35. Qd2 fxg3 36. hxg3 Qa7 37. Bg2 Kd7 38. Bh3 Rh8 39. Bg2 Qa6 40.
Rcb4 Rg8 41. Rb6 Qa7 42. Qe3 Qa5 43. Bh3 Kc7 44. Bxe6 Rf8 45. Bd5 Bxd5 46. exd5 Qxd5 47. Rxb7+ Qxb7 48. Rxb7+ Kxb7 49. Qe4+ Kc7 50. Qc4+ Kd7 51. Qa4+ Ke6 52. Qxa3 d5 53. Qb3 Bd6 54. Kg2 Rb8 55.
Qc2 Rc8 56. Qg6+ Ke7 57. Qg7+ Kd8 58. a4 Rc7 59. Qg8+ Ke7 60. Qxd5 Rxc3 61. a5 Rc5 62.
Qb7+ Bc7 63. a6 Kd6 64. a7 1-0

[Event "*** Titled Tuesday Blitz"]
[Site "Chess.com"]
[Date "2020.12.29"]
[Round "9"]
[White "maheswaran26"]
[Black "MIJuanReyesRosa"]
[Result "0-1"]
[WhiteElo "2212"]
[BlackElo "2078"]
[TimeControl "180+1"]
[EndTime "11:45:35 PST"]
[Termination "MIJuanReyesRosa won on time"]

1. d4 g6 2. Nf3 Bg7 3. c4 c5 4. d5 d6 5. Nc3 Bxc3+ 6. bxc3 Qa5 7. Qb3 Nf6 8. a4 O-O 9. Bg5 Nbd7 10. Nd2 Kg7 11. e4 h6 12. Bh4 g5 13. Bg3 Nh5 14.
Be2 Nxg3 15. hxg3 Nf6 16. f3 Bd7 17. Kf2 Rad8 18. Nf1 h5 19. Ne3 Rg8 20. Rhc1 Rb8 21. Qc2 a6 22. Rh1 Kf8 23. Qb3 Ke8 24. Rhb1 Kd8 25.
Qc2 Rh8 26. Rh1 h4 27. gxh4 gxh4 28. f4 Qxc3 29. Bd3 Qd4 30. Kf3 Rg8 31. Rxh4 Kc7 32.
Rah1 Rg7 33. g3 Rbg8 34. Rg1 Ng4 35. Nxg4 Qxg1 36. f5 Rg5 37. Qf2 Qxf2+ 38. Nxf2 Rxg3+ 39. Ke2 Rg2 40. Rh7 Bxa4 41. Rxf7 Bb3 42. Rxe7+ Kb6 43.
f6 a5 44. f7 Rf8 45. e5 Rg7 0-1

[Event "*** Titled Tuesday Blitz"]
[Site "Chess.com"]
[Date "2020.12.29"]
[Round "9"]
[White "Semen_Khanin"]
[Black "Eternauta2400"]
[Result "0-1"]
[WhiteElo "2783"]
[BlackElo "2526"]
[TimeControl "180+1"]
[EndTime "11:45:36 PST"]
[Termination "Eternauta2400 won by resignation"]

1. e4 e5 2. Nf3 Nc6 3. Bb5 a6 4. Ba4 Nf6 5. O-O Bc5 6. c3 b5 7. Bb3 d6 8. d4 Bb6 9. a4 Bg4 10. axb5 axb5 11. Rxa8 Qxa8 12. Bg5 h6 13. Bxf6 gxf6 14.
Bd5 Bd7 15. Qb3 Qa4 16. Bxf7+ Ke7 17. Qd5 Nd8 18. Nh4 Bc6 19. Qb3 Nxf7 20. Ng6+ Ke8 21.
Qe6+ Kd8 22. Nxh8 Nxh8 23. Qxf6+ Kc8 24. Qxh8+ Kb7 25. d5 Bd7 26. Nd2 Qc2 27. Qxh6 Qxb2 28. h4 Qxc3 29. Qg5 b4 30. h5 Bb5 31. h6 Bxf1 32. Nxf1 b3 33. Qd2 Qa1 34. h7 b2 35.
Qxb2 Qxb2 36. h8=Q Qxf2+ 37. Kh2 Qxf1 38. Qh4 Qg1+ 39.
Kh3 Qh1+ 40. Kg4 Qxg2+ 41. Kf5 Qf3+ 42. Ke6 Qf8 43. Qh5 Qg8+ 44. Kd7 Qc8+ 45. Ke7 c5 46. dxc6+ Kxc6 47. Qe2 Bd8+ 48. Kf7 Qd7+ 49. Kg6 Qe6+ 50. Kh5 Qf7+ 51. Kh6 Qf6+ 52. Kh7 Qf7+ 53. Kh6 Qf8+ 54.
Kg6 Qg8+ 55. Kf5 Qb3 56. Qh5 Kb7 57. Qh7+ Bc7 58. Qd7 Qh3+ 59. Kf6 Qxd7 60. Kg6 Qc6 0-1